[Event "Asian Amateur-ch Open 2022"]
[Site "Muscat"]
[Date "2022.10.02"]
[Round "3.17"]
[White "Alharthi, Ahmed Mohammed A"]
[Black "Abdivaliev, Daniial"]
[Result "0-1"]
[ECO "A47"]
[WhiteElo "1950"]
[BlackElo "1528"]
[Annotator "TA"]
[PlyCount "96"]
[EventDate "2022.09.29"]
[EventType "swiss"]
[SourceTitle "playchess.com"]
[Source "ChessBase"]
[SourceQuality "1"]
[TimeControl "5400+30"]

1. d4 Nf6 2. Bf4 e6 3. e3 c5 4. c3 b6 5. Nd2 Bb7 6. Ngf3 h6 {[%emt 0:00:08] A47: 1 d4 Nf6 2 Nf3 b6: Torre, London and Colle Systems.} 7. h3 {[%emt 0:02:45] [#]} a6 $146 ({Predecessor:} 7... d6 8. Nh2 g5 9. Bg3 Nbd7 10. Nhf3 Qc7 11. Nc4 b5 12. Na3 a6 13. Nc2 Be7 14. dxc5 Nxc5 {1-0 (45) Janaszak,D (2348)-Kabanova,E (2138) Chess.com INT 2020}) 8. Qb3 d5 {[%emt 0:01:55] The position is equal.} 9. Be2 Bd6 10. Ne5 O-O 11. O-O Qc7 12. Bh2 Nc6 13. f4 Nd7 14. Bg4 b5 15. Rac1 Ne7 16. Qc2 f5 17. Nxd7 Qxd7 18. Be2 Rac8 19. Nf3 Nc6 20. Qd2 Rc7 21. Ne5 Nxe5 22. fxe5 Be7 23. g4 cxd4 24. exd4 Bg5 25. Bf4 Bxf4 26. Qxf4 g5 27. Qg3 (27. Qh2 $14) 27... f4 $36 {[%emt 0:01:31][%mdl 2048] Black is pushing.} 28. Qd3 Qh7 {[%emt 0:01:08] Inhibits Qg6+.} 29. Qxh7+ Kxh7 30. Bd3+ Kg7 31. Kg2 Bc6 32. b3 (32. h4 $11) 32... Be8 (32... Rfc8 $1 $17 {Threatens to win with ...Be8.} 33. h4 Be8 34. hxg5 Rxc3 35. Rxc3 Rxc3 36. gxh6+ Kxh6 37. Rh1+ Kg5) 33. h4 $1 $15 Bg6 34. Bxg6 Kxg6 {[%emt 0:00:06][%mdl 4096] Endgame KRR-KRR} 35. h5+ Kg7 (35... Kf7 $5 ) 36. c4 ({Better is} 36. b4 $15) 36... bxc4 (36... dxc4 $19 {aiming for ...c3.} 37. bxc4 bxc4) 37. bxc4 dxc4 ({And not} 37... Rxc4 38. Rxc4 dxc4 39. Rc1 $17) 38. Kf3 Rb8 ({Black should try} 38... Rd8 $1 $17 39. Rfd1 a5) 39. Rf2 (39. Rc3 $1 $11 {was the only way to keep the balance.}) 39... Kf7 (39... a5 $17 {White must now prevent ...a4.} 40. Rc3 Rb4) 40. Rc3 (40. Rfc2 $11 {remains equal.}) 40... Ke7 $17 41. Rfc2 {[%emt 0:00:49] [#]} Rb4 (41... Kd7 $1 $17) 42. Ke4 $2 {[%emt 0:00:59] [#]} (42. a3 $11 Rb5 43. Rxc4 Rxc4 44. Rxc4) 42... Kd7 $1 $19 43. Rd2 Rb1 44. Rdc2 $2 (44. Kf3 {keeps fighting.}) 44... Rg1 45. Rxc4 Rxc4 46. Rxc4 Rxg4 {[%emt 0:00:06] Hoping for ...Rg3.} 47. Ra4 Rg3 48. Rxa6 (48. d5 $19 exd5+ 49. Kxd5 Rd3+ 50. Ke4 Re3+ 51. Kf5) 48... Re3# {[%emt 0:00:11] Weighted Error Value: White=0.49/Black=0.22 (precise)} 0-1

[Event "Asian Amateur-ch Open 2022"]
[Site "Muscat"]
[Date "2022.10.02"]
[Round "3.18"]
[White "Muhammed, Zahid"]
[Black "Hayabik, Husain"]
[Result "1-0"]
[ECO "C56"]
[WhiteElo "1677"]
[BlackElo "1828"]
[Annotator "NA RC COMBH"]
[PlyCount "105"]
[EventDate "2022.09.29"]
[EventType "swiss"]
[SourceTitle "playchess.com"]
[Source "ChessBase"]
[SourceQuality "1"]
[TimeControl "5400+30"]

1. e4 e5 2. Nf3 Nc6 3. d4 exd4 4. Bc4 Nf6 5. O-O d6 6. Ng5 Ne5 7. Be2 h6 8. Nf3 Nxe4 9. Qxd4 Nc5 10. Nxe5 dxe5 11. Qxe5+ Qe7 12. Qe3 Qxe3 13. Bxe3 Bd6 14. Nc3 O-O 15. Nb5 Na4 16. Nxd6 cxd6 17. b3 Nc3 18. Bf3 Bf5 19. Bxb7 Rab8 20. Bf3 a5 21. a4 Rfc8 22. Bd4 Ne4 23. Rfc1 Nd2 24. Bd1 d5 25. Be3 Ne4 26. c4 dxc4 27. bxc4 Nc5 28. Bxc5 Rxc5 29. Ra3 Rb4 30. Rac3 Bd7 31. f3 Bxa4 32. Bxa4 Rxa4 33. Kf2 Ra2+ 34. R1c2 Ra1 35. Ke3 Rd1 36. Rd3 Ra1 37. Kd4 Rc8 38. c5 Rd8+ 39. Ke3 Re1+ 40. Kd2 Rxd3+ 41. Kxd3 Re7 42. Kc4 Kf8 43. c6 Ke8 44. Rd2 Re1 45. Kb5 Rb1+ 46. Kxa5 Ke7 47. c7 Rc1 48. Kb6 Rb1+ 49. Ka7 Rc1 50. Kb8 Rb1+ 51. Kc8 g5 52. Re2+ Kf6 53. Re4 1-0

[Event "Asian Amateur-ch Open 2022"]
[Site "Muscat"]
[Date "2022.10.02"]
[Round "3.19"]
[White "Al Balushi, Said"]
[Black "Al Ansi Amin"]
[Result "0-1"]
[ECO "B01"]
[WhiteElo "1495"]
[BlackElo "1806"]
[Annotator "NA RC COMBH"]
[PlyCount "121"]
[EventDate "2022.09.29"]
[EventType "swiss"]
[SourceTitle "playchess.com"]
[Source "ChessBase"]
[SourceQuality "1"]
[TimeControl "5400+30"]

1. e4 d5 2. exd5 Qxd5 3. Nc3 Qd6 4. d4 Nf6 5. Nf3 Bg4 6. Nb5 Qd8 7. c4 c6 8. Nc3 e6 9. Be2 Bd6 10. O-O Nbd7 11. Re1 O-O 12. Ne5 Bxe2 13. Qxe2 Qc8 14. c5 Be7 15. b4 Nxe5 16. Qxe5 Rd8 17. Bf4 Nd5 18. Nxd5 Rxd5 19. Qe2 Rxd4 20. Bd2 Qd7 21. Bc3 Rd3 22. Rad1 Rd8 23. Rxd3 Qxd3 24. Qxd3 Rxd3 25. Be5 Kf8 26. Kf1 a6 27. Ke2 Rd5 28. Bc3 f5 29. f4 Kf7 30. Kf3 Rd3+ 31. Re3 Rxe3+ 32. Kxe3 Bf6 33. Bxf6 Kxf6 34. Kd4 e5+ 35. fxe5+ Ke6 36. h4 g6 37. g3 h6 38. a3 g5 39. h5 f4 40. gxf4 gxf4 41. Ke4 f3 42. Kxf3 Kxe5 43. Kg4 Ke4 44. a4 Ke5 45. a5 Ke4 46. Kg3 Kf5 47. Kf3 Kg5 48. Ke4 Kxh5 49. Kf5 Kh4 50. Ke6 Kg5 51. Kd7 h5 52. Kc7 h4 53. Kxb7 h3 54. Kxa6 h2 55. Kb7 h1=Q 56. a6 Qb1 57. a7 Qxb4+ 58. Kc8 Qxc5 59. a8=Q Qf8+ 60. Kb7 Qxa8+ 61. Kxa8 0-1

[Event "Asian Amateur-ch Open 2022"]
[Site "Muscat"]
[Date "2022.10.02"]
[Round "3.20"]
[White "Nadeem Aziz"]
[Black "UMER S.M"]
[Result "0-1"]
[ECO "E98"]
[WhiteElo "1797"]
[BlackElo "1631"]
[Annotator "NA RC COMBH"]
[PlyCount "96"]
[EventDate "2022.09.29"]
[EventType "swiss"]
[SourceTitle "playchess.com"]
[Source "ChessBase"]
[SourceQuality "1"]
[TimeControl "5400+30"]

1. d4 Nf6 2. Nf3 g6 3. c4 Bg7 4. Nc3 O-O 5. e4 d6 6. Be2 e5 7. O-O Nc6 8. d5 Ne7 9. Ne1 Ne8 10. Nd3 f5 11. f3 f4 12. Bd2 g5 13. c5 h5 14. cxd6 cxd6 15. Nf2 Ng6 16. Rc1 Rf7 17. a4 Nf6 18. h3 Bf8 19. Qc2 a6 20. b4 g4 21. hxg4 hxg4 22. fxg4 Rh7 23. Qd1 Rh4 24. a5 Bd7 25. Na4 Qe7 26. Nb6 Rd8 27. Rc7 Rh8 28. Rxb7 Qh7 29. Nh3 Nxe4 30. Nxd7 Rxd7 31. Rxd7 Qxd7 32. Qc2 Qa7+ 33. Kh2 Qd4 34. Be1 Ne7 35. Bxa6 Ng5 36. Bf2 Qxb4 37. Be1 Qa3 38. Be2 Nxh3 39. Bf3 Ng5+ 40. Kg1 Qe3+ 41. Qf2 Nxf3+ 42. gxf3 Nxd5 43. a6 Rh7 44. Qxe3 fxe3 45. Kg2 Nf4+ 46. Kg1 e2 47. Rf2 Nh3+ 48. Kg2 Nxf2 0-1

[Event "Asian Amateur-ch Open 2022"]
[Site "Muscat"]
[Date "2022.10.02"]
[Round "3.21"]
[White "Said Ahmed Ali Jidal Fadhil"]
[Black "Al Hinai, Qusay"]
[Result "1-0"]
[ECO "D11"]
[WhiteElo "1755"]
[BlackElo "1201"]
[Annotator "NA RC COMBH"]
[PlyCount "87"]
[EventDate "2022.09.29"]
[EventType "swiss"]
[SourceTitle "playchess.com"]
[Source "ChessBase"]
[SourceQuality "1"]
[TimeControl "5400+30"]

1. d4 d5 2. Nf3 Nf6 3. g3 c6 4. Bg2 Bg4 5. O-O Nbd7 6. c4 e6 7. Nc3 Be7 8. Nd2 h6 9. f3 Bf5 10. e4 dxe4 11. fxe4 Bg4 12. Qb3 Qb6 13. Qxb6 axb6 14. h3 Bh5 15. e5 Nh7 16. Nde4 O-O 17. g4 Bg6 18. Ne2 Bxe4 19. Bxe4 Ng5 20. Bg2 Ra7 21. a3 c5 22. d5 exd5 23. Bxg5 Bxg5 24. e6 fxe6 25. cxd5 Rxf1+ 26. Rxf1 Be3+ 27. Kh1 e5 28. d6 Nf6 29. Nc3 Ra8 30. Nd5 Nxd5 31. Bxd5+ Kh8 32. Rf7 Rd8 33. d7 Bg5 34. Kg2 Bc1 35. b3 Bg5 36. Kf3 Bf6 37. Ke4 Kh7 38. Kf5 Rb8 39. Rxf6 gxf6 40. Kxf6 b5 41. Ke7 b4 42. a4 c4 43. Bxc4 e4 44. d8=Q 1-0

[Event "Asian Amateur-ch Open 2022"]
[Site "Muscat"]
[Date "2022.10.02"]
[Round "3.23"]
[White "Yasser Hamdan"]
[Black "Rafee, Mohd Hayel"]
[Result "0-1"]
[ECO "B90"]
[WhiteElo "1419"]
[BlackElo "1941"]
[Annotator "TA"]
[PlyCount "92"]
[EventDate "2022.09.29"]
[EventType "swiss"]
[SourceTitle "playchess.com"]
[Source "ChessBase"]
[SourceQuality "1"]
[TimeControl "5400+30"]

1. e4 c5 2. Nf3 d6 3. Nc3 Nf6 4. d4 cxd4 5. Nxd4 a6 6. a4 e5 7. Nf3 Be6 8. Ng5 {[%emt 0:00:48] B90: Sicilian Najdorf: Unusual White 6th moves, 6 Be3 Ng4 and 6 Be3 e5.} Be7 (8... Qc7 $14) 9. Nxe6 $16 fxe6 10. Bc4 {[%emt 0:00:33] Inhibits d5. White is better.} (10. g3 $5 ) 10... Qd7 {[%emt 0:07:33] [#]} 11. Qe2 $146 (11. O-O $14) ({Predecessor:} 11. O-O O-O 12. Be3 Nc6 13. h3 Rac8 14. Qe2 Na5 15. Ba2 Kh8 16. Rad1 Ne8 17. Bb6 {1-0 (27) Lou,Y (2472)-Marsac,H (1658) Europe Echecs INT 2021}) 11... Nc6 12. Bb3 Nd4 13. Qd3 O-O 14. Ba2 Rac8 15. Be3 Nc6 $36 {[%emt 0:03:44][%mdl 2048] Black fights for an advantage.} 16. Qe2 Kh8 17. h4 $2 {[%emt 0:00:30] [#]} (17. Rd1 $11) 17... Nb4 (17... d5 $142 $1 {[%cal Rd5d4] Strongly threatening ...d4.} 18. exd5 exd5) 18. Bb3 d5 19. Bg5 d4 {[%emt 0:03:51] Black is more active.} 20. Rd1 {[%emt 0:02:45] This costs White the game.} (20. Nd1 $17 {was the only chance.}) 20... Qc6 $19 21. Bxf6 Rxf6 22. Na2 Nxc2+ 23. Kf1 $2 (23. Qxc2 Qxc2 24. Bxc2 Rxc2 25. O-O) 23... Ne3+ 24. Kg1 Nxd1 25. Qxd1 Qxe4 26. Nc1 {[%emt 0:02:56] [#]} Qb1 (26... Rxf2 $142 $3 27. Kxf2 Qe3+ 28. Kf1 Rf8+ 29. Qf3 Qxc1+ 30. Kf2 Rxf3+ 31. gxf3 Qxh1 32. Ke2 e4 33. fxe4 Qxe4+ 34. Kf1 d3 35. Kf2 Qe2+ 36. Kg1 Bc5+ 37. Kh1 Qf1+ 38. Kh2 Bd6#) 27. Kh2 Rxf2 28. Bxe6 {[%emt 0:03:41] [#]} Qe4 $1 29. Bh3 (29. Rg1 Rcc2) 29... Rcc2 30. Rg1 Qf4+ (30... Rf3 $142 31. Qxc2 Qxc2 32. Kh1 Rf8 33. Na2 Qxb2 34. Nc1 e4 35. Be6 d3 36. a5 d2 37. Ne2 Qc2 38. Nd4 d1=Q 39. Nxc2 Rf1 40. Ne1 Rxg1+ 41. Kxg1 Qxe1+ 42. Kh2 Bd6+ 43. g3 Qxg3+ 44. Kh1 Qh2#) 31. Kh1 Qg3 32. Qg4 Qxg4 33. Bxg4 e4 34. Nb3 d3 {[%emt 0:00:40] aiming for ...e3.} 35. Nd4 Rxb2 {[%emt 0:00:23] Threatens to win with ...e3.} 36. Rc1 {[%emt 0:00:16] [#]} Rbc2 $1 37. Nxc2 Rxc2 {[%emt 0:00:25][%mdl 4096] Endgame KRB-KRB} 38. Re1 Rc4 {[%emt 0:01:09] ...g6 is the strong threat.} 39. Kh2 g6 {[%emt 0:01:48] And now ...Bb4 would win.} 40. h5 Kg7 41. hxg6 hxg6 {[%emt 0:00:45] Hoping for ...Bb4.} 42. Rb1 Bd6+ 43. Kh3 Bb4 {[%emt 0:01:12] ( -> ...e3)} 44. Be6 Rd4 {[%emt 0:00:31] Black mates.} 45. Rf1 e3 46. Rf7+ Kh6 {[%emt 0:00:35] Weighted Error Value: White=1.06/Black=0.87} 0-1

[Event "Asian Amateur-ch Open 2022"]
[Site "Muscat"]
[Date "2022.10.02"]
[Round "3.24"]
[White "Salim Issa, Ali Shamas"]
[Black "Osama, Abuhmeidan"]
[Result "1/2-1/2"]
[ECO "D20"]
[WhiteElo "1886"]
[BlackElo "1416"]
[Annotator "NA RC COMBH"]
[PlyCount "85"]
[EventDate "2022.09.29"]
[EventType "swiss"]
[SourceTitle "playchess.com"]
[Source "ChessBase"]
[SourceQuality "1"]
[TimeControl "5400+30"]

1. d4 d5 2. c4 dxc4 3. Nc3 Nf6 4. e4 c6 5. e5 Nd5 6. Bxc4 Bf5 7. Qb3 e6 8. Bxd5 cxd5 9. Qxb7 Nd7 10. Nge2 Be7 11. O-O O-O 12. Qa6 Nb6 13. Ng3 Bg6 14. f4 f5 15. b3 Bb4 16. Bb2 Bxc3 17. Bxc3 Qe7 18. Qa5 Rfc8 19. Bb4 Qh4 20. Bc5 Qg4 21. Bxb6 axb6 22. Qxb6 Bf7 23. Rf3 h5 24. h3 Qg6 25. Nf1 Rc2 26. Rg3 Qh6 27. Rg5 g6 28. Ng3 Kh7 29. Qb7 Qf8 30. Qb5 Raxa2 31. Rxa2 Rxa2 32. Kh2 h4 33. Ne2 Qc8 34. Ng1 Qc1 35. Qd7 Qxf4+ 36. Kh1 Kg7 37. Qe7 Ra1 38. Rxg6+ Kxg6 39. Qf6+ Kh7 40. Qxf7+ Kh8 41. Qf8+ Kh7 42. Qf7+ Kh8 43. Qf8+ 1/2-1/2

[Event "Asian Amateur-ch Open 2022"]
[Site "Muscat"]
[Date "2022.10.02"]
[Round "3.25"]
[White "Ahmed Waqqas, Alawlaqi"]
[Black "Sharaf, Khaleel"]
[Result "0-1"]
[ECO "C12"]
[WhiteElo "1417"]
[BlackElo "1874"]
[Annotator "NA RC COMBH"]
[PlyCount "60"]
[EventDate "2022.09.29"]
[EventType "swiss"]
[SourceTitle "playchess.com"]
[Source "ChessBase"]
[SourceQuality "1"]
[TimeControl "5400+30"]

1. e4 e6 2. d4 d5 3. Nc3 Nf6 4. Bg5 Bb4 5. e5 h6 6. Bd2 Bxc3 7. bxc3 Ne4 8. Qg4 Kf8 9. Bd3 Nxd2 10. Kxd2 c5 11. Nf3 c4 12. Be2 b5 13. h4 Nc6 14. a3 a5 15. Qf4 Bd7 16. g4 b4 17. g5 bxc3+ 18. Ke3 Ne7 19. Bf1 hxg5 20. Nxg5 Nf5+ 21. Ke2 Qb6 22. Rd1 Qb2 23. Rc1 Nxd4+ 24. Kd1 Nf5 25. Be2 Qxa3 26. Bg4 Qc5 27. Bxf5 exf5 28. Rb1 Re8 29. Rg1 d4 30. Nf3 d3 0-1

[Event "Asian Amateur-ch Open 2022"]
[Site "Muscat"]
[Date "2022.10.02"]
[Round "3.26"]
[White "Bagheri, Majid"]
[Black "Al Dhiyabi, Yousuf"]
[Result "1-0"]
[ECO "B54"]
[WhiteElo "1870"]
[BlackElo "1393"]
[Annotator "NA RC COMBH"]
[PlyCount "69"]
[EventDate "2022.09.29"]
[EventType "swiss"]
[SourceTitle "playchess.com"]
[Source "ChessBase"]
[SourceQuality "1"]
[TimeControl "5400+30"]

1. e4 c5 2. Nf3 d6 3. d4 cxd4 4. Nxd4 e6 5. c4 Nc6 6. Nc2 Nf6 7. Nc3 Be7 8. Be3 Ne5 9. Be2 Qc7 10. b3 Ned7 11. Nb5 Qb8 12. f3 Nc5 13. b4 Na6 14. Qd2 O-O 15. O-O Rd8 16. Rfd1 Nc7 17. a4 d5 18. exd5 exd5 19. Bf4 Nfe8 20. c5 Be6 21. Qe3 a6 22. Nc3 Qc8 23. a5 Nf6 24. Na4 Nd7 25. Nd4 Bf6 26. Rac1 Bxd4 27. Qxd4 Nb5 28. Bxb5 axb5 29. Nb6 Nxb6 30. cxb6 Qd7 31. Rc7 Qe8 32. Rxb7 Rdc8 33. Ra7 Rxa7 34. bxa7 Qd7 35. Qc4 1-0

[Event "Asian Amateur-ch Open 2022"]
[Site "Muscat"]
[Date "2022.10.02"]
[Round "3.27"]
[White "Almuhaini, Abdulaziz"]
[Black "kloub.M"]
[Result "0-1"]
[ECO "C01"]
[WhiteElo "1392"]
[BlackElo "1687"]
[Annotator "NA RC COMBH"]
[PlyCount "44"]
[EventDate "2022.09.29"]
[EventType "swiss"]
[SourceTitle "playchess.com"]
[Source "ChessBase"]
[SourceQuality "1"]
[TimeControl "5400+30"]

1. e4 e6 2. Nf3 d5 3. exd5 exd5 4. d4 Nf6 5. Bd3 Bd6 6. O-O O-O 7. c3 Bg4 8. Re1 Re8 9. Rxe8+ Qxe8 10. Nbd2 Nbd7 11. h3 Bh5 12. Nf1 Ne4 13. Qb3 Nb6 14. a4 c5 15. Bb5 Qe6 16. a5 Bxf3 17. gxf3 Qg6+ 18. Ng3 Nxg3 19. axb6 Nf5+ 20. Kf1 Nh4 21. Qxd5 Re8 22. dxc5 Qg2# 0-1

[Event "Asian Amateur-ch Open 2022"]
[Site "Muscat"]
[Date "2022.10.02"]
[Round "3.28"]
[White "Darshan Rajmohan"]
[Black "Hisoriev, Shorahmat"]
[Result "0-1"]
[ECO "B24"]
[WhiteElo "1383"]
[BlackElo "1681"]
[Annotator "NA RC COMBH"]
[PlyCount "132"]
[EventDate "2022.09.29"]
[EventType "swiss"]
[SourceTitle "playchess.com"]
[Source "ChessBase"]
[SourceQuality "1"]
[TimeControl "5400+30"]

1. e4 c5 2. Nc3 Nc6 3. g3 d6 4. Bg2 Nf6 5. Nge2 e5 6. O-O Be7 7. d3 O-O 8. f4 Be6 9. Be3 Nd4 10. Bxd4 cxd4 11. Nb1 Ng4 12. Qc1 Ne3 13. Rf2 Nxg2 14. Kxg2 f5 15. Nd2 Qd7 16. Nf3 fxe4 17. dxe4 Bh3+ 18. Kg1 Bg4 19. Qd2 Qb5 20. b3 Rac8 21. a4 Qc5 22. Ra2 Bxf3 23. Rxf3 d3+ 24. Kg2 dxe2 25. Qxe2 exf4 26. gxf4 Qh5 27. Qf2 Bh4 28. Qf1 Qg6+ 29. Kh1 Qxe4 30. Qg2 Rxf4 31. Rxf4 Qxf4 32. Qe2 Rf8 33. Ra1 Qf3+ 34. Qxf3 Rxf3 35. Rd1 Be7 36. Kg2 Rf5 37. Rd3 Kf7 38. Rc3 Bd8 39. Rh3 Bb6 40. Rf3 Rxf3 41. Kxf3 d5 42. Kg4 g6 43. h4 h5+ 44. Kg3 Kf6 45. Kf4 Bd4 46. c4 dxc4 47. bxc4 Bf2 48. Kf3 Bxh4 49. Kg2 Be1 50. Kh3 g5 51. c5 Bf2 52. Kg2 Bxc5 53. Kf3 Kf5 54. Kg3 a6 55. a5 Bb4 56. Kf3 Bxa5 57. Kg3 Ke4 58. Kh3 Kf3 59. Kh2 Bb6 60. Kh3 a5 61. Kh2 a4 62. Kh3 a3 63. Kh2 a2 64. Kh3 a1=Q 65. Kh2 Qg1+ 66. Kh3 Qg2# 0-1

[Event "Asian Amateur-ch Open 2022"]
[Site "Muscat"]
[Date "2022.10.02"]
[Round "3.29"]
[White "Shamas Salim Ahmed"]
[Black "Alhassan, Meshari"]
[Result "0-1"]
[ECO "D04"]
[WhiteElo "1663"]
[BlackElo "1372"]
[Annotator "NA RC COMBH"]
[PlyCount "86"]
[EventDate "2022.09.29"]
[EventType "swiss"]
[SourceTitle "playchess.com"]
[Source "ChessBase"]
[SourceQuality "1"]
[TimeControl "5400+30"]

1. d4 d5 2. Nf3 Nf6 3. e3 Bg4 4. Be2 e6 5. O-O Bd6 6. b3 c6 7. Bb2 Qc7 8. Nbd2 Ne4 9. h3 h5 10. c4 Nd7 11. cxd5 exd5 12. Qc2 Ndf6 13. hxg4 hxg4 14. Ne5 Nxd2 15. Qxd2 Ne4 16. Qc2 f6 17. Bxg4 fxe5 18. dxe5 Bxe5 19. f4 Bxb2 20. Qxb2 Qe7 21. Rf3 Rd8 22. Qe5 Qxe5 23. fxe5 Rh4 24. Bf5 Ke7 25. g3 Rh5 26. Bg6 Rxe5 27. Rf7+ Kd6 28. Bxe4 Rxe4 29. Rxg7 Rxe3 30. Kg2 Rd7 31. Rg6+ Kc5 32. g4 d4 33. Kf2 Rf7+ 34. Kg2 d3 35. Rc1+ Kb4 36. Rd6 Rf4 37. g5 Rg4+ 38. Kf2 Rgg3 39. g6 Ref3+ 40. Ke1 Rg2 41. Rc4+ Ka3 42. Rcd4 Re2+ 43. Kd1 Rf1# 0-1

[Event "Asian Amateur-ch Open 2022"]
[Site "Muscat"]
[Date "2022.10.02"]
[Round "3.30"]
[White "Al Balushi, Salim"]
[Black "Zholdoshmamatov, Adilet"]
[Result "1-0"]
[ECO "A00"]
[WhiteElo "1374"]
[BlackElo "1654"]
[Annotator "NA RC COMBH"]
[PlyCount "69"]
[EventDate "2022.09.29"]
[EventType "swiss"]
[SourceTitle "playchess.com"]
[Source "ChessBase"]
[SourceQuality "1"]
[TimeControl "5400+30"]

1. d3 Nf6 2. c3 g6 3. Qc2 Bg7 4. e4 d6 5. a4 O-O 6. Nf3 e5 7. Bg5 Nbd7 8. Be2 c6 9. h3 d5 10. O-O Qc7 11. Re1 Nc5 12. Nbd2 Ne6 13. Bh4 Nf4 14. Bf1 N6h5 15. a5 f5 16. exf5 gxf5 17. c4 Ng6 18. cxd5 Nxh4 19. Nxh4 Qe7 20. Nhf3 cxd5 21. Qb3 Qd6 22. Rac1 Kh8 23. Nb1 e4 24. dxe4 fxe4 25. Nh2 Bd4 26. Re3 Qg3 27. fxg3 Nxg3 28. Rd1 Bxe3+ 29. Qxe3 Nf5 30. Qc5 Be6 31. Ng4 Rac8 32. Qxa7 d4 33. Qxb7 e3 34. Bd3 Ng3 35. Qxh7# 1-0

[Event "Asian Amateur-ch Open 2022"]
[Site "Muscat"]
[Date "2022.10.02"]
[Round "3.31"]
[White "Al Amari, Mohammed"]
[Black "Al Shereiqi, Nasir"]
[Result "1-0"]
[ECO "B18"]
[WhiteElo "1646"]
[BlackElo "1305"]
[Annotator "NA RC COMBH"]
[PlyCount "153"]
[EventDate "2022.09.29"]
[EventType "swiss"]
[SourceTitle "playchess.com"]
[Source "ChessBase"]
[SourceQuality "1"]
[TimeControl "5400+30"]

1. e4 c6 2. d4 d5 3. Nc3 dxe4 4. Nxe4 Bf5 5. Ng3 Bg6 6. Nf3 e6 7. Ne5 Ne7 8. h4 h6 9. Nxg6 Nxg6 10. h5 Ne7 11. Be2 Nd5 12. O-O Bd6 13. Ne4 Be7 14. c4 Nf6 15. Ng3 O-O 16. Be3 Qc7 17. Qc2 Nbd7 18. Rad1 Rad8 19. a3 Bd6 20. Ne4 Bf4 21. Nc3 Bxe3 22. fxe3 Qg3 23. Rf3 Qh4 24. Rdf1 Qg5 25. Rh3 Qa5 26. e4 Nh7 27. e5 Rfe8 28. Ne4 Ndf8 29. Nd6 Re7 30. b4 Qc7 31. c5 b6 32. Rg3 Ng5 33. Rf4 Nfh7 34. Bd3 Rf8 35. Rfg4 f5 36. Rf4 b5 37. Qa2 Kh8 38. Be2 a6 39. a4 Qd7 40. axb5 axb5 41. Ra3 Rb8 42. Ra8 Qd8 43. Ra6 Qc7 44. Bf3 Nxf3+ 45. Rxf3 Qd8 46. Rxc6 Rd7 47. Qa6 Qh4 48. Rc8+ Nf8 49. Rxb8 Qxd4+ 50. Kf1 Qd1+ 51. Kf2 Qd4+ 52. Re3 Qf4+ 53. Ke2 Qg4+ 54. Kd2 Qxb4+ 55. Kc2 Qxc5+ 56. Rc3 Qf2+ 57. Kb3 Kg8 58. Rxf8+ Kh7 59. Rh8+ Kxh8 60. Qc8+ Kh7 61. Qxd7 Qf1 62. Qxb5 Qb1+ 63. Kc4 Qf1+ 64. Kc5 Qf2+ 65. Kb4 Qb2+ 66. Rb3 Qd2+ 67. Kc5 Qd5+ 68. Kb6 Qd4+ 69. Qc5 Qd1 70. Rb5 Qxh5 71. Qc8 Qg6 72. Qe8 Qxg2 73. Qxe6 Qf2+ 74. Kc7 Qa7+ 75. Rb7 Qa5+ 76. Kd7 Qa4+ 77. Ke7 1-0

[Event "Asian Amateur-ch Open 2022"]
[Site "Muscat"]
[Date "2022.10.02"]
[Round "3.32"]
[White "Al Nofli, Mohammed Saif"]
[Black "Al Kathiri, Mana"]
[Result "1-0"]
[ECO "B11"]
[WhiteElo "1370"]
[BlackElo "1646"]
[Annotator "NA RC COMBH"]
[PlyCount "79"]
[EventDate "2022.09.29"]
[EventType "swiss"]
[SourceTitle "playchess.com"]
[Source "ChessBase"]
[SourceQuality "1"]
[TimeControl "5400+30"]

1. e4 c6 2. Nf3 d5 3. Nc3 Bg4 4. h3 Bxf3 5. Qxf3 d4 6. Ne2 g6 7. Ng3 Bg7 8. Bc4 e6 9. d3 Nd7 10. Qe2 Qc7 11. a4 Ne7 12. b4 a6 13. Bb3 Rc8 14. Bd2 h5 15. Nf1 b6 16. Nh2 c5 17. b5 a5 18. O-O Ne5 19. f4 c4 20. Ba2 cxd3 21. cxd3 Nd7 22. Nf3 O-O 23. Ng5 Nc5 24. f5 exf5 25. exf5 Qe5 26. Qxe5 Bxe5 27. fxg6 Nxg6 28. Nxf7 Kh7 29. Bc4 Bg3 30. Rf3 h4 31. Rf5 Rce8 32. Rh5+ Kg7 33. Bh6+ Kf6 34. Rf1+ Ke7 35. Bxf8+ Rxf8 36. Rh7 Ke8 37. Rf6 Ne7 38. Rxb6 Nxa4 39. Ra6 Kd7 40. Be6+ 1-0

[Event "Asian Amateur-ch Open 2022"]
[Site "Muscat"]
[Date "2022.10.02"]
[Round "3.33"]
[White "Salem Muhsan Shuaib"]
[Black "Takenouchi, Atsushi"]
[Result "1-0"]
[ECO "D37"]
[WhiteElo "1227"]
[BlackElo "1629"]
[Annotator "NA RC COMBH"]
[PlyCount "81"]
[EventDate "2022.09.29"]
[EventType "swiss"]
[SourceTitle "playchess.com"]
[Source "ChessBase"]
[SourceQuality "1"]
[TimeControl "5400+30"]

1. d4 Nf6 2. c4 e6 3. Nf3 a6 4. Nc3 d5 5. Bf4 Be7 6. e3 O-O 7. Rc1 dxc4 8. Bxc4 b5 9. Bd3 Nbd7 10. O-O c5 11. e4 cxd4 12. Nxd4 Bb7 13. e5 Nd5 14. Nxd5 Bxd5 15. Re1 Rc8 16. Qg4 Re8 17. Rcd1 Nc5 18. Bb1 Na4 19. Re3 Nxb2 20. Bxh7+ Kxh7 21. Rh3+ Kg8 22. Qh5 Bh4 23. Rxh4 Qxh4 24. Qxh4 Nxd1 25. Qg4 Nc3 26. Bh6 g6 27. Qh4 Ne4 28. f3 g5 29. Bxg5 Nxg5 30. Qxg5+ Kf8 31. h4 Rc4 32. Ne2 Rec8 33. h5 Rc2 34. Ng3 Rxa2 35. Ne4 Ra1+ 36. Kh2 Bxe4 37. fxe4 Rcc1 38. Qd8+ Kg7 39. Qf6+ Kg8 40. h6 Kf8 41. Qd8# 1-0